 Dungeon Crawl Stone Soup version 0.21.1-1-g345015f (webtiles) character file.

22873 nicolaieve the Severer (level 12, -9/100 HPs)
             Began as a Minotaur Berserker on June 17, 2018.
             Was a High Priest of Trog.
             Mangled by a spiny frog (15 damage)
             ... on level 2 of the Lair of Beasts.
             The game lasted 01:09:09 (11832 turns).

nicolaieve the Severer (Minotaur Berserker)        Turns: 11832, Time: 01:09:10

Health: -9/100     AC: 13    Str: 24    XL:     12   Next: 66%
Magic:  11/11      EV: 12    Int:  4    God:    Trog [*****.]
Gold:   466        SH:  0    Dex: 13    Spells: 11/11 levels left

rFire    + + .     SeeInvis .   A - +1 hand axe (flame)
rCold    . . .     Gourm    .   (no shield)
rNeg     . . .     Faith    +   J - +2 scale mail {rF+}
rPois    +         Spirit   .   (helmet restricted)
rElec    .         Reflect  .   (no cloak)
rCorr    .         Harm     .   f - +1 pair of gloves
MR       ++...                  (no boots)
Stlth    ..........             o - amulet of faith
HPRegen  1.26/turn              K - ring of protection from fire
MPRegen  0.12/turn              Y - ring of poison resistance

@: lethally poisoned (-9 -> -9), regenerating
A: retaliatory headbutt, horns 2
a: Berserk, Trog's Hand, Brothers in Arms, Burn Spellbooks, Renounce Religion


You were on level 2 of the Lair of Beasts.
You worshipped Trog.
Trog was extremely pleased with you.
You were not hungry.

You visited 3 branches of the dungeon, and saw 14 of its levels.
You also visited: Bailey and Volcano.

You collected 731 gold pieces.
You spent 265 gold pieces at shops.

Inventory:

Hand Weapons
 b - a +2 whip of electrocution
 t - the +8 whip "Jysafie" {protect, rF+ MR+ Dex+2, unknown}
   (You found it on level 2 of the Dungeon)

   It protects the one who uses it against injury (+AC on strike).
   It affects your dexterity (+2).
   It protects you from fire.
   It affects your resistance to hostile enchantments.
 A - a +1 hand axe of flaming (weapon)
 E - a +0 war axe
 G - a +0 war axe
 Q - a +3 antimagic battleaxe
 R - a +4 hand axe
 T - a +0 battleaxe
Armour
 f - a +1 pair of gloves (worn)
 j - a +3 chain mail of cold resistance
 J - a +2 scale mail of fire resistance (worn)
Jewellery
 i - an uncursed ring of resist corrosion
 o - an amulet of faith (around neck)
 B - a +2 ring of intelligence {unknown}
 K - a ring of protection from fire (left hand)
 S - the ring "Yvepez" {+Fly Stlth+}
   (You found it on level 9 of the Dungeon)

   [ring of flight]

   It lets you fly.
   It makes you more stealthy.
 U - an uncursed ring of flight
 V - an uncursed ring of ice
 Y - a ring of poison resistance (right hand)
Wands
 s - a wand of iceblast (22)
 P - a wand of digging (11)
 X - a wand of random effects (46)
Scrolls
 a - a scroll of identify
 d - a scroll of vulnerability {unknown}
 g - 3 scrolls of immolation
 h - 3 scrolls of random uselessness {unknown}
 k - 5 scrolls of teleportation
 l - 3 scrolls of enchant armour
 w - 3 scrolls of magic mapping
 x - 4 scrolls of enchant weapon
 y - a scroll of fear {unknown}
 z - 2 scrolls of fog {unknown}
 C - 4 scrolls of remove curse
 D - 3 scrolls of blinking {unknown}
 F - a scroll of summoning {unknown}
Potions
 e - 3 potions of mutation
 m - 4 potions of heal wounds
 n - 2 potions of cancellation
 p - a potion of might
 q - a potion of flight
 r - a potion of brilliance
 u - 2 potions of curing
 v - a potion of invisibility
 H - a potion of berserk rage
 I - 3 potions of lignification
 L - a potion of resistance
 N - 2 potions of agility
 W - a potion of magic
Miscellaneous
 O - a phial of floods
Comestibles
 c - 18 rations
 M - 8 chunks of flesh


   Skills:
 - Level 7.3 Fighting
 * Level 19.9 Axes
 - Level 11.4 Armour
 - Level 4.0 Dodging
 + Level 0.6 Evocations


You had 11 spell levels left.
You didn't know any spells.

Dungeon Overview and Level Annotations

Branches:
Dungeon (11/15)            Temple (1/1) D:4            Lair (2/6) D:11
    Orc (0/2) D:10
  Swamp: Lair:2-4    Shoals: Lair:2-4     Snake: Lair:2-4    Spider: Lair:2-4

Altars:
Ashenzari
Cheibriados
Dithmenos
Elyvilon
Fedhas
Gozag
Hepliaklqana
Kikubaaqudgha
Makhleb
Nemelex Xobeh
Okawaru
Qazlal
Ru
Sif Muna
Trog
Uskayaw
Vehumet
Wu Jian
Xom
Yredelemnul
Zin
The Shining One

Shops:
D:8 %(?%   D:9 !}(:

Annotations:
D:10 1 runed door


Innate Abilities, Weirdness & Mutations

You reflexively headbutt those who attack you in melee.
You have a pair of horns on your head.


Message History

You feel sick.
You feel sick.
You feel sick.
You feel sick. The spiny frog barely misses you. You furiously retaliate!
You headbutt the spiny frog!
You feel sick.
You feel sick.
You feel the effects of Trog's Hand fading.
You feel sick.
You feel sick.
You feel sick. The spiny frog barely misses you.
You feel sick.
You feel sick.
Your skin stops crawling.
You feel less resistant to hostile enchantments.
You feel sick.
Your skin crawls.
You feel resistant to hostile enchantments.
You feel somewhat more hungry.
You feel sick. The spiny frog stings you!
You die...

#### #######..## ### ## ## ##
##.#P#.....###.########P##P#####P
#..).............................
##.............................÷.
#...........................#.#.
#............................###
#..........†................## #
#..........†...@............# #
#.########P...F###.#.#.#.P..# #
##.# ###...# # ##...### #P.#
#...# #.....## ##.##### ##...#
##......
#...##.#####P...######### #>.....
##..............#.##P##P###......
#....###..#P##...................
#.....##.######..............#...


You could see a spiny frog.

Vanquished Creatures
  A red draconian (Volcano)
  Snorg (D:11)
  Fannar (D:10)
  Erolcha (D:9)
  A centaur warrior (Volcano)
  2 two-headed ogres
  Nergalle (D:11)
  The ghost of goulibeur the Agent of Entropy, a novice DsAK of Lugonu (D:6)
  An ugly thing (D:11)
  A manticore (D:11)
  A black mamba (Lair:1)
  Joseph (D:7)
  A centaur zombie (D:10)
  2 molten gargoyles (Volcano)
  4 spiny frogs
  A gargoyle (D:10)
  A komodo dragon (Lair:2)
  2 trolls (D:9)
  Prince Ribbit (D:5)
  A hornet (D:11)
  2 hippogriffs
  Grinder (D:5)
  A basilisk (Lair:2)
  25 yaks
  Grum (D:11)
  2 fire bats (Volcano)
  A hungry ghost (D:8)
  2 porcupines (Lair:1)
  2 orc warriors
  4 water moccasins
  7 sky beasts
  3 ice beasts
  A black bear (D:8)
  3 phantoms
  5 ogres
  4 wolves (D:11)
  8 centaurs
  7 bullfrogs
  A gnoll sergeant (D:8)
  3 scorpions
  13 killer bees
  8 wights
  2 howler monkeys
  3 crimson imps
  5 lava snakes (Volcano)
  A bullfrog zombie (D:10)
  A quasit (D:6)
  9 orc priests
  6 jellies
  3 hounds
  2 centaur skeletons
  3 bullfrog skeletons
  Terence (D:3)
  2 iguanas
  14 orc wizards
  6 worker ants
  Natasha (thrice) (D:3)
  A killer bee zombie (D:7)
  17 gnolls
  2 howler monkey skeletons (D:11)
  A worker ant zombie (D:6)
  14 adders
  3 shadow imps
  8 oozes
  An adder zombie (D:9)
  2 worms
  2 adder skeletons (D:5)
  2 dart slugs (D:2)
  6 leopard geckos
  31 orcs
  A ball python (D:7)
  10 bats
  5 giant cockroaches
  5 hobgoblins
  6 jackals (D:1)
  6 quokkas
  4 frilled lizards
  9 goblins
  3 kobolds
  3 rats
  A plant (Lair:2)
334 creatures vanquished.

Vanquished Creatures (others)
  A plant (Lair:2)
1 creature vanquished.

Grand Total: 335 creatures vanquished

Notes
Turn   | Place    | Note
-------+----------+-------------------------------------------
     0 | D:1      | nicolaieve the Minotaur Berserker began the quest for the Orb.
     0 | D:1      | Reached XP level 1. HP: 19/19 MP: 0/0
   103 | D:1      | Reached skill level 4 in Axes
   110 | D:1      | Reached XP level 2. HP: 20/26 MP: 1/1
   791 | D:2      | Reached skill level 5 in Axes
   796 | D:2      | Reached XP level 3. HP: 31/31 MP: 2/2
   947 | D:2      | Reached ** piety under Trog
   982 | D:2      | Reached skill level 6 in Axes
   982 | D:2      | Reached XP level 4. HP: 39/39 MP: 3/3
  1246 | D:2      | Reached skill level 7 in Axes
  1246 | D:2      | Reached XP level 5. HP: 44/45 MP: 4/4
  1369 | D:2      | Got an ichor-stained whip
  1482 | D:3      | Noticed Natasha
  1494 | D:3      | Killed Natasha
  1554 | D:3      | Noticed Terence
  1568 | D:3      | Killed Terence
  1685 | D:3      | Found a shadowy altar of Dithmenos.
  1732 | D:3      | Reached *** piety under Trog
  1732 | D:3      | Reached skill level 8 in Axes
  1732 | D:3      | Reached XP level 6. HP: 26/51 MP: 5/5
  1959 | D:3      | Reached skill level 9 in Axes
  2013 | D:3      | Noticed Natasha
  2020 | D:3      | Killed Natasha
  2045 | D:3      | Found a sparkling altar of Nemelex Xobeh.
  2048 | D:3      | Found a glowing golden altar of the Shining One.
  2051 | D:3      | Found a white marble altar of Elyvilon.
  2147 | D:3      | Noticed Natasha
  2154 | D:3      | Killed Natasha
  2169 | D:4      | Reached XP level 7. HP: 57/57 MP: 6/6
  2211 | D:4      | Found a staircase to the Ecumenical Temple.
  2253 | D:4      | Reached skill level 10 in Axes
  2457 | D:4      | Reached skill level 11 in Axes
  3007 | Temple   | Entered the Ecumenical Temple
  3326 | D:5      | Entered Level 5 of the Dungeon
  3358 | D:5      | Found a glowing silver altar of Zin.
  3368 | D:5      | Noticed Prince Ribbit
  3378 | D:5      | Killed Prince Ribbit
  3378 | D:5      | Reached XP level 8. HP: 41/64 MP: 7/7
  3397 | D:5      | Noticed Grinder
  3402 | D:5      | Paralysed by Grinder for 2 turns
  3411 | D:5      | Killed Grinder
  4156 | D:6      | Reached skill level 5 in Armour
  4284 | D:6      | Reached skill level 12 in Axes
  4400 | D:6      | Noticed goulibeur's ghost (novice DsAK)
  4421 | D:6      | Killed goulibeur's ghost
  4421 | D:6      | Reached XP level 9. HP: 72/72 MP: 8/8
  4555 | D:6      | Reached skill level 13 in Axes
  5190 | D:7      | Noticed Joseph
  5203 | D:7      | Killed Joseph
  5203 | D:7      | Reached skill level 5 in Fighting
  5660 | D:8      | Reached skill level 14 in Axes
  5673 | D:8      | Found Wuhu Ruk's Food Shop.
  5745 | D:8      | Reached XP level 10. HP: 81/81 MP: 9/9
  5764 | D:8      | Found Failiv's Magic Scroll Shop.
  5767 | D:8      | Bought a scroll of identify for 26 gold pieces
  5767 | D:8      | Bought a scroll of magic mapping for 45 gold pieces
  5767 | D:8      | Bought a scroll of immolation for 45 gold pieces
  5767 | D:8      | Bought a scroll of enchant weapon for 97 gold pieces
  5767 | D:8      | Bought a scroll of identify for 26 gold pieces
  5767 | D:8      | Bought a scroll of identify for 26 gold pieces
  5801 | D:8      | Reached **** piety under Trog
  6181 | D:8      | Found Masag's Weapon Emporium.
  6348 | D:8      | Found Afrinkyri's Food Shop.
  6580 | D:9      | Found Idghegup's Gadget Emporium.
  6601 | D:9      | Found Omijuh's Distillery.
  6613 | D:9      | Found an opulent altar of Gozag.
  6635 | D:9      | Noticed Erolcha
  6647 | D:9      | Killed Erolcha
  6722 | D:9      | Reached ***** piety under Trog
  6732 | D:9      | Reached skill level 15 in Axes
  6773 | D:9      | Reached skill level 10 in Armour
  6836 | D:9      | Noticed a two-headed ogre
  6842 | D:9      | Killed a two-headed ogre
  6928 | D:9      | Found Jeopnav's Antique Weapon Boutique.
  6951 | D:9      | Received a gift from Trog
  6985 | D:9      | Found a flagged portal.
  7021 | Bailey   | Entered a bailey
  7031 | Bailey   | Noticed an orc knight
  7184 | D:9      | Got a warped turquoise ring
  7345 | D:9      | Found Ryemave's Book Shop.
  7438 | D:9      | Found a sparkling altar of Nemelex Xobeh.
  7535 | D:10     | Entered Level 10 of the Dungeon
  7586 | D:10     | Noticed a gargoyle
  7598 | D:10     | Killed a gargoyle
  7598 | D:10     | Reached XP level 11. HP: 69/91 MP: 10/10
  7704 | D:10     | Noticed Fannar
  7721 | D:10     | Killed Fannar
  7881 | D:10     | Found a runed door.
  7985 | D:10     | Found a staircase to the Orcish Mines.
  8373 | D:11     | Noticed a two-headed ogre
  8384 | D:11     | Killed a two-headed ogre
  8384 | D:11     | Reached skill level 16 in Axes
  8520 | D:11     | Identified the ring "Yvepez" {+Fly Stlth+} (You found it on level 9 of the Dungeon)
  8539 | D:11     | Noticed Snorg
  8552 | D:11     | Killed Snorg
  8598 | D:11     | Noticed Grum
  8634 | D:11     | Reached skill level 17 in Axes
  8639 | D:11     | Killed Grum
  8907 | D:11     | Noticed a green ugly thing
  8927 | D:11     | Killed a green ugly thing
  9168 | D:11     | Noticed Nergalle
  9188 | D:11     | Killed Nergalle
  9197 | D:11     | Found a staircase to the Lair.
  9208 | D:11     | Reached skill level 18 in Axes
  9208 | D:11     | Reached XP level 12. HP: 24/100 MP: 11/11
  9455 | Lair:1   | Entered Level 1 of the Lair of Beasts
  9782 | Lair:1   | Received a gift from Trog
  9953 | Lair:1   | Found a labyrinth entrance.
  9967 | Lair:1   | Found a dark tunnel.
  9977 | Volcano  | Entered a volcano
 10407 | Volcano  | Found a radiant altar of Vehumet.
 10407 | Volcano  | Noticed a centaur warrior
 10416 | Volcano  | Killed a centaur warrior
 10421 | Volcano  | Noticed a red draconian
 10479 | Volcano  | Killed a red draconian
 10479 | Volcano  | Reached skill level 19 in Axes
 11814 | Lair:2   | HP: 5/100 [spiny frog (11)]
 11819 | Lair:2   | HP: 3/100 [poisoned by a spiny frog]
 11824 | Lair:2   | HP: 4/100 [poisoned by a spiny frog]
 11830 | Lair:2   | HP: 5/100 [poisoned by a spiny frog]
 11832 | Lair:2   | Mangled by a spiny frog

Skill      XL: |  1  2  3  4  5  6  7  8  9 10 11 12 |
---------------+-------------------------------------+-----
Axes           | 4 5 6 7 8 9 11 12 14 15 18 19 | 19.9
Fighting       | 4 5 6 7 |  7.3
Armour         | 6 8 10 11 | 11.4
Dodging        | 4 |  4.0
Evocations     | |  0.6

Action                   |  1- 3 |  4- 6 |  7- 9 | 10-12 || total
-------------------------+-------+-------+-------+-------++-------
Melee: Hand axe          |    58 |   111 |   280 |   661 ||  1110
       Headbutt          |    13 |    26 |    58 |   146 ||   243
       Battleaxe         |       |       |       |     5 ||     5
Invok: Berserk           |       |     4 |     8 |    15 ||    27
       Burn Spellbooks   |       |       |       |     1 ||     1
       Trog's Hand       |       |       |       |     7 ||     7
Evoke: Wand              |       |       |       |     2 ||     2
  Use: Scroll            |       |       |     8 |     9 ||    17
  Eat: Chunk             |       |     4 |    11 |    15 ||    30
       Ration            |       |     1 |     3 |     6 ||    10
Armor: Ring mail         |    34 |    25 |       |       ||    59
       Chain mail        |       |    12 |   126 |   256 ||   394
       Scale mail        |       |       |       |    24 ||    24
Dodge: Dodged            |    44 |    50 |    89 |   263 ||   446
